 Dungeon Crawl Stone Soup version 0.30-a0-722-g3e6e8c874d (webtiles) character file.

Game seed: 10464593659285912578

36 BigDaddyOpFi the Stinger (level 3, -2/21 HPs)
             Began as an Octopode Venom Mage on Jan 27, 2023.
             Slain by an adder (4 damage)
             ... on level 2 of the Dungeon.
             The game lasted 00:02:15 (1163 turns).

BigDaddyOpFi the Stinger (Octopode Venom Mage)      Turns: 1163, Time: 00:02:16

Health: -2/21      AC:  1    Str:  7    XL:     3   Next: 37%
Magic:  3/6        EV: 13    Int: 19    God:
Gold:   78         SH:  0    Dex: 12    Spells: 5/6 levels left

rFire   . . .      SeeInvis +    l - +1 mace (protect)
rCold   . . .      Faith    .    f - orb {*channel}
rNeg    . . .      Spirit   .    (helmet restricted)
rPois   .          Reflect  .    (no amulet)
rElec   .          Harm     .    b - ring of see invisible
rCorr   .          Rampage  .    (no ring)
Will    .....                    (no ring)
Stlth   +++                      (no ring)
HPRegen 0.23/turn                (no ring)
MPRegen 0.10/turn                (no ring)
                                 (no ring)
                                 (no ring)

@: brilliant, lethally poisoned (-2 -> -7)
A: almost no armour, amphibious, 8 rings, camouflage 1, gelatinous body 1,
(nimble swimmer 1), tentacles
a: no special abilities


You were on level 2 of the Dungeon.
You visited 1 branch of the dungeon, and saw 2 of its levels.

You collected 78 gold pieces.

Inventory:

Hand Weapons
 i - a +0 short sword
 l - a +1 mace of protection (weapon)
Armour
 f - an orb of energy (worn)
Jewellery
 b - a ring of see invisible (left tentacle)
Scrolls
 h - a scroll of enchant weapon {unknown}
 j - a scroll of teleportation {unknown}
Potions
 a - a potion of magic
 c - a potion of haste {unknown}
 d - a potion of brilliance
 e - 2 potions of lignification {unknown}
 k - a potion of curing {unknown}


   Skills:
 - Level 2.2 Dodging
 - Level 3.2 Stealth
 + Level 2.3 Spellcasting
 + Level 1.7 Transmutations
 + Level 4.0 Poison Magic


You had 5 spell levels left.
You knew the following spells:

 Your Spells              Type           Power      Damage    Failure   Level
a - Sting                 Tmut/Pois      76%        1d6       4%          1

Your spell library contained the following spells:

 Spells                   Type           Power      Damage    Failure   Level
 Poisonous Vapours        Pois/Air       28%        N/A       11%         2
 Mephitic Cloud           Conj/Pois/Air  11%        N/A       28%         3
 Olgreb's Toxic Radiance  Pois           26%        N/A       30%         4


Dungeon Overview and Level Annotations

Branches:
Dungeon (2/15)

Altars:


Innate Abilities, Weirdness & Mutations

You cannot wear most types of armour.
You are amphibious.
You can wear up to eight rings at the same time.
Your skin changes colour to match your surroundings (Stealth+).
Your rubbery body absorbs attacks. (AC +1, EV +1)
((You are camouflaged when in or above water. (Stealth+)))
You have tentacles for arms and can constrict up to eight enemies at once.


Message History

The adder is lightly wounded.
The adder closely misses you.
The sting hits the adder.
The adder looks even sicker.
The adder is lightly wounded.
The adder closely misses you.
You miscast Sting.
You are very lightly contaminated with residual magic.
Nothing appears to happen.
The adder closely misses you. x2
The sting hits the adder.
The adder looks even sicker.
The adder is heavily wounded.
The adder closely misses you.
Your +1 mace of protection hums with potential!
l - a +1 mace of protection (weapon)
The adder bites you.
You are poisoned.
The adder poisons you!
It was a potion of cancellation.
You feel magically purged.
Your magical contamination has completely faded away.
You feel sick. The adder bites you.
You barely miss the adder. Your grab misses the adder.
The adder is heavily wounded.
You feel sick. The adder closely misses you. The adder bites you.
You completely miss the adder. Your grab misses the adder.
The adder is heavily wounded.
You feel sick. The adder closely misses you. The adder bites you.
* * * LOW HITPOINT WARNING * * *
You are lethally poisoned!
The adder poisons you!
You closely miss the adder. Your grab misses the adder.
You squeeze the adder, but do no damage.
The adder is heavily wounded.
* * * LOW HITPOINT WARNING * * *
You feel very sick. The adder misses you.
You are too injured to fight recklessly!
It was a potion of brilliance.
You feel clever all of a sudden.
* * * LOW HITPOINT WARNING * * *
You feel sick. The adder closely misses you. The adder bites you.
You die...

. # ..# #. .#. ...
###.. ..## ....
..... #.$ .....
#...#####.##.....
................
........S......
#.#..@#.
##....!+.### ### ###
#......#.#8###8###⌠#
#.................##
#.....##+.........#
#....†#......#....##
#............#....8#
+....†............##
#......#..........#


You could see an adder (very poisoned).

Vanquished Creatures
  A dart slug (D:1)
  3 bats (D:1)
  5 endoplasms
  2 giant cockroaches (D:1)
  A goblin (D:1)
  2 hobgoblins (D:1)
  6 jackals
  2 ball pythons (D:1)
  3 frilled lizards (D:1)
  2 kobolds (D:1)
  3 rats (D:1)
30 creatures vanquished.

Vanquished Creatures (others)
  3 plants (D:1)
3 creatures vanquished.

Grand Total: 33 creatures vanquished

Notes
Turn   | Place    | Note
-------+----------+-------------------------------------------
     0 | D:1      | BigDaddyOpFi the Octopode Venom Mage began the quest for
                  | the Orb.
     0 | D:1      | Reached XP level 1. HP: 11/11 MP: 3/3
   309 | D:1      | Reached XP level 2. HP: 16/17 MP: 1/5
   748 | D:1      | Found a faded altar of an unknown god.
   782 | D:1      | Reached XP level 3. HP: 21/21 MP: 4/6
   790 | D:1      | Reached skill level 4 in Poison Magic
  1163 | D:2      | Slain by an adder

Illustrated notes

Levels and vault maps discovered:
D:1:      wander_arrival_desolate, layout_rooms,
          shapermc_ecumenical_altar_mp_highgroup, serial_bayou_crossing
D:2:      minmay_recursive_quarters, layout_basic, serial_rivers,
          chequers_serial_rivers_micro_e, chequers_serial_rivers_room_a,
          chequers_serial_rivers_micro_a, chequers_serial_rivers_room_a,
          chequers_serial_rivers_micro_a, chequers_hall_statues_corner_a,
          chequers_serial_rivers_micro_e, minmay_octomino_e4

Skill      XL: |  1  2  3 |
---------------+----------+-----
Stealth        | 3 |  3.2
Poison Magic   | 4 |  4.0
Dodging        | |  2.2
Spellcasting   | |  2.3
Transmutations | |  1.7

Action                     || total
---------------------------++-------
  Melee: Unarmed           ||    21
         Constrict         ||     9
         Tentacles         ||     9
         Short sword       ||     4
         Mace              ||     3
   Cast: Sting             ||    51
    Use: Potion            ||     2
   Stab: Sleeping          ||     1
 Armour: Skin              ||    10
  Dodge: Dodged            ||    53

Table legend: (Time is in decaauts)
 A = Elapsed time spent in this place.
 B = Non-inter-level travel time spent in this place.
 C = Inter-level travel time spent in this place.
 D = Time resting spent in this place.
 E = Time spent auto-exploring this place.
 F = Levels seen in this place.
 G = Mean time per level.
                   A        B        C        D        E       F      G
               +--------+--------+--------+--------+--------+-----+--------+
         Total |   1162 |   1154 |      8 |     32 |    908 |   2 |  581.0 |
       Dungeon |   1162 |   1154 |      8 |     32 |    908 |   2 |  581.0 |
               +--------+--------+--------+--------+--------+-----+--------+

Top non-repeatable levels by time:
     D:1: 976 daAuts
     D:2: 186 daAuts
